 Dungeon Crawl Stone Soup version 0.27.1 (webtiles) character file.

Game seed: 6581888174801853386

3181 ZARRMARR the Geomancer (level 9, -19/46 HPs)
             Began as a Gargoyle Earth Elementalist on Aug 28, 2021.
             Was a Believer of Sif Muna.
             Killed from afar by Maggie (35 damage)
             ... with a bolt of fire
             ... on level 8 of the Dungeon.
             The game lasted 00:46:52 (8628 turns).

ZARRMARR the Geomancer (GrEE)                       Turns: 8628, Time: 00:46:52

Health: -19/46     AC: 10    Str: 12    XL:     9   Next: 95%
Magic:  6/19       EV: 12    Int: 19    God:    Sif Muna [**....]
Gold:   453        SH:  0    Dex: 10    Spells: 17/22 levels left

rFire    . . .     SeeInvis .   a - staff of earth
rCold    . . .     Faith    .   (no shield)
rNeg     + . .     Spirit   .   b - +0 robe
rPois    ∞         Reflect  .   y - +0 helmet
rElec    +         Harm     .   m - +0 cloak
rCorr    .         Rampage  .   (no gloves)
Will     .....                  (no boots)
Stlth    ++........             (no amulet)
HPRegen  0.15/turn              (no ring)
MPRegen  0.16/turn              (no ring)

@: no status effects
A: sickness immunity, AC +6, negative energy resistance 1, electricity
resistance, torment resistance 1, petrification resistance
a: Renounce Religion, Channel Magic


You were on level 8 of the Dungeon.
You worshipped Sif Muna.
Sif Muna was pleased with you.
You visited 2 branches of the dungeon, and saw 9 of its levels.

You collected 453 gold pieces.

Inventory:

Hand Weapons
 s - a +4 quarterstaff of chaos
 t - the +10 mace "Qoklelum" {vamp, rElec rF+ SInv}
   (You found it on level 4 of the Dungeon)

   It occasionally heals its wielder for a portion of the damage dealt when it
   wounds a living foe.
   rF:        It protects you from fire.
   rElec:     It insulates you from electricity.
   SInv:      It lets you see invisible.
Missiles
 f - 40 stones
 u - 2 throwing nets
Armour
 b - a +0 robe (worn)
 m - a +0 cloak (worn)
 y - a +0 helmet (worn)
Magical Staves
 a - a staff of earth (weapon)
Wands
 p - a wand of paralysis (9)
 q - a wand of flame (25)
 x - a wand of digging (5)
Scrolls
 c - 3 scrolls of immolation
 d - 2 scrolls of magic mapping
 h - a scroll of fog {unknown}
 j - a scroll of enchant weapon
 n - 3 scrolls of enchant armour
 v - a scroll of brand weapon
 z - a scroll of teleportation {unknown}
 A - a scroll of vulnerability
 B - a scroll of blinking {unknown}
Potions
 e - a potion of heal wounds
 g - 2 potions of haste {unknown}
 i - a potion of resistance {unknown}
 k - a potion of attraction {unknown}
 l - a potion of flight {unknown}
 o - a potion of might {unknown}
 r - 2 potions of lignification {unknown}
 w - a potion of cancellation {unknown}


   Skills:
 + Level 0.9 Fighting
 + Level 1.4 Staves
 + Level 2.2 Dodging
 - Level 2.1 Stealth
 + Level 7.0 Spellcasting
 + Level 5.0 Conjurations
 - Level 2.5 Transmutations
 + Level 9.8 Earth Magic
 * Level 5.8 Invocations


You had 17 spell levels left.
You knew the following spells:

 Your Spells              Type           Power      Damage    Failure   Level
a - Sandblast             Erth           100%       2d20      1%          1
b - Stone Arrow           Conj/Erth      100%       3d13      1%          3
c - Magic Dart            Conj           100%       1d8       1%          1

Your spell library contained the following spells:

 Spells                   Type           Power      Damage    Failure   Level
 Passwall                 Tmut/Erth      37%        N/A       1%          2
 Searing Ray              Conj           50%        3d5       1%          2
 Petrify                  Tmut/Erth      45%        N/A       8%          4
 Summon Small Mammal      Summ           24%        N/A       10%         1
 Leda's Liquefaction      Hex/Erth       19%        N/A       13%         4
 Corpse Rot               Necr/Air       N/A        N/A       16%         2
 Call Canine Familiar     Summ           6%         N/A       30%         3
 Portal Projectile        Hex/Tloc       12%        N/A       30%         3
 Summon Guardian Golem    Hex/Summ       6%         N/A       30%         3
 Fulminant Prism          Conj/Hex       8%         3d7       34%         4
 Dispel Undead            Necr           6%         3d8       69%         4
 Passage of Golubria      Tloc           N/A        N/A       69%         4
 Silence                  Hex/Air        3%         N/A       95%         5
 Death Channel            Necr           3%         N/A       100%        6
 Lehudib's Crystal Spear  Conj/Erth      25%        10d7      100%        8


Dungeon Overview and Level Annotations

Branches:
Dungeon (8/15)             Temple (1/1) D:4
   Lair: D:8-11

Altars:
Elyvilon
Fedhas
Kikubaaqudgha
Ru
Sif Muna
Uskayaw
Wu Jian
Xom
Yredelemnul
Zin
The Shining One

Shops:
D:2 ?

Annotations:
D:8 Maggie


Innate Abilities, Weirdness & Mutations

You are immune to sickness and miasma.
Your stone body is resilient. (AC +6)
You are immune to poison.
You resist negative energy. (rN+)
You are resistant to electric shocks. (rElec)
You are resistant to unholy torment.
You are immune to petrification.


Message History

Unknown command.
Unknown command.
The centaur shoots an arrow.
The arrow closely misses you.
The centaur shoots an arrow.
The arrow hits you!
You see here a howler monkey corpse.
Casting: Magic Dart (safe; 1% risk of failure)
Confirm with . or Enter, or press ? or * to list all spells.
Aiming: Stone Arrow (safe; 1% risk of failure)
Press: ? - help, Shift-Dir - straight line, f/p - centaur
Aim: a centaur, wielding a +0 shortbow and quivering arrows (87% to hit)
You feel a surge of power!
The stone arrow hits the centaur!!
The centaur is almost dead.
The centaur shoots an arrow.
The arrow barely misses you.
Unknown command.
Casting: Stone Arrow (safe; 1% risk of failure)
Confirm with . or Enter, or press ? or * to list all spells.
Aiming: Stone Arrow (safe; 1% risk of failure)
Press: ? - help, Shift-Dir - straight line, f/p - centaur
Aim: a centaur, wielding a +0 shortbow and quivering arrows (almost dead, 87% to hit)
You feel a surge of power!
The stone arrow hits the centaur!!
You kill the centaur!
Sif Muna accepts your kill.
Your Spellcasting skill increases to level 7!
You start resting.
Maggie the Vainglorious comes into view.
She is wielding a +0 war axe and carrying a wand of mindburst (11).
Casting: Stone Arrow (safe; 1% risk of failure)
Confirm with . or Enter, or press ? or * to list all spells.
Aiming: Magic Dart (safe; 1% risk of failure)
Press: ? - help, Shift-Dir - straight line, f - Maggie
Aim: Maggie, wielding a +0 war axe, wearing +0 acid dragon scales and carrying a wand of mindburst (11) (wandering, hasn't noticed you, 100% to hit)
The magic dart hits Maggie.
Maggie is lightly wounded.
Maggie shouts!
Maggie zaps a wand.
Your mind is blasted!
* * * LOW HITPOINT WARNING * * *
You feel much better.
Maggie zaps a wand.
Your mind is blasted!
Maggie casts a spell at you. The bolt of fire hits you!!
Ouch! That really hurt!
You die...

....# ...@# #...# #...#
#...# #...# #..)#####.
###.@...)...
####.'.†.......
##....#......... .#
##.....########## ..#
#...............## #..#
#.........#......##
#..##.........#.......###
##............#.........##
#............##..........#


You could see Maggie.

Vanquished Creatures
  A hornet (D:7)
  A wraith (D:5)
  A hornet zombie (D:7)
  2 orc warriors
  An ice beast (D:6)
  A black bear (D:7)
  A sky beast (D:7)
  6 ogres
  2 phantoms
  A centaur (D:8)
  Blork the orc (D:4)
  A gnoll sergeant (D:5)
  A scorpion (D:7)
  11 wights
  A howler monkey (D:8)
  2 centaur zombies
  5 hounds
  2 jellies
  Crazy Yiuf (D:4)
  4 orc priests (D:6)
  3 centaur skeletons
  A bullfrog skeleton (D:6)
  Ijyb (D:4)
  An orc wizard (D:5)
  A hound zombie (D:5)
  6 adders
  10 gnolls
  2 shadow imps
  3 white imps
  An ufetubus (D:5)
  2 dart slugs
  15 orcs
  5 bats
  A bat zombie (D:1)
  5 endoplasms
  2 giant cockroaches (D:1)
  9 hobgoblins
  6 jackals
  8 kobolds
  3 quokkas
  4 ball pythons
  6 frilled lizards
  11 goblins
  A quokka zombie (D:1)
  10 rats
163 creatures vanquished.

Vanquished Creatures (others)
  2 plants (D:4)
2 creatures vanquished.

Grand Total: 165 creatures vanquished

Notes
Turn   | Place    | Note
-------+----------+-------------------------------------------
     0 | D:1      | ZARRMARR the Gargoyle Earth Elementalist began the quest
                  | for the Orb.
     0 | D:1      | Reached XP level 1. HP: 10/10 MP: 3/3
   137 | D:1      | Reached XP level 2. HP: 15/15 MP: 0/5
   255 | D:1      | Reached skill level 4 in Earth Magic
   410 | D:1      | Reached skill level 1 in Conjurations
   686 | D:1      | Reached XP level 3. HP: 19/19 MP: 3/6
   690 | D:1      | Learned a level 3 spell: Stone Arrow
  1314 | D:1      | Found a faded altar of an unknown god.
  1671 | D:1      | Identified a scroll of acquirement
  1671 | D:1      | Acquired a staff of earth
  2401 | D:2      | Reached XP level 4. HP: 24/24 MP: 3/7
  2707 | D:2      | Found Plog's Magic Scroll Shop.
  2997 | D:3      | Found a glowing golden altar of the Shining One.
  3813 | D:4      | Found a staircase to the Ecumenical Temple.
  3865 | Temple   | Entered the Ecumenical Temple
  3999 | Temple   | Became a worshipper of Ru the Awakened
  4030 | Temple   | Fell from the grace of Ru
  4030 | Temple   | Became a worshipper of Sif Muna the Loreminder
  4147 | D:4      | Noticed a phantom
  4151 | D:4      | Killed a phantom
  4152 | D:4      | Reached skill level 5 in Earth Magic
  4152 | D:4      | Reached XP level 5. HP: 28/28 MP: 5/9
  4217 | D:4      | Noticed an ogre
  4222 | D:4      | Killed an ogre
  4223 | D:4      | Reached skill level 1 in Invocations
  4223 | D:4      | Reached XP level 6. HP: 32/32 MP: 6/11
  4459 | D:4      | Noticed Blork the orc
  4464 | D:4      | Killed Blork the orc
  4470 | D:4      | Reached skill level 6 in Earth Magic
  4470 | D:4      | Reached XP level 7. HP: 36/36 MP: 2/13
  4572 | D:4      | Noticed Ijyb
  4579 | D:4      | Killed Ijyb
  4812 | D:4      | Reached * piety under Sif Muna
  4885 | D:4      | Found a runed translucent door.
  4886 | D:4      | Noticed Crazy Yiuf
  4931 | D:4      | Killed Crazy Yiuf
  4937 | D:4      | Identified the +10 mace "Qoklelum" {vamp, rElec rF+ SInv}
  5072 | D:5      | Entered Level 5 of the Dungeon
  5472 | D:5      | Reached XP level 8. HP: 42/42 MP: 12/14
  5521 | D:5      | Noticed a wraith
  5667 | D:6      | Reached skill level 7 in Earth Magic
  5707 | D:6      | Reached skill level 1 in Staves
  5875 | D:6      | Reached skill level 5 in Spellcasting
  6073 | D:6      | Reached skill level 8 in Earth Magic
  6310 | D:6      | Reached ** piety under Sif Muna
  6541 | D:6      | Reached XP level 9. HP: 46/46 MP: 10/17
  7069 | D:5      | Reached skill level 5 in Invocations
  7250 | D:6      | Learned a level 1 spell: Magic Dart
  7291 | D:7      | Reached skill level 9 in Earth Magic
  7299 | D:7      | Reached skill level 1 in Transmutations
  7858 | D:7      | Noticed a hornet
  7861 | D:7      | Killed a hornet
  7916 | D:7      | Found a white marble altar of Elyvilon.
  8590 | D:8      | Reached skill level 5 in Conjurations
  8625 | D:8      | Noticed Maggie
  8628 | D:8      | Killed from afar by Maggie

Illustrated notes

Levels and vault maps discovered:
D:1:      saegor_arrival_fortress, layout_basic,
          hellmonk_ecumenical_altar_prayer_group
D:2:      layout_loops_cross, serial_shops, nicolae_shop_crystal
D:3:      layout_loops_ring, mainiacjoe_overflow_chevrons
D:4:      corexii_shack_village, layout_rooms,
          minmay_temple_entry_drinking_statues, uniq_crazy_yiuf_cottage,
          uniq_blork_the_orc, uniq_ijyb
D:5:      layout_basic, lightli_corner_chamber
D:6:      layout_basic
D:7:      layout_basic, mainiacjoe_overflow_boulevard
D:8:      kennysheep_blocky_room, layout_cave_pods,
          nicolae_overflow_crystal_walls, the_hattery, uniq_maggie
Temple:   regret_index_temple_generic_petals

Skill      XL: |  1  2  3  4  5  6  7  8  9 |
---------------+----------------------------+-----
Earth Magic    | 4 5 6 8 9 |  9.8
Conjurations   | 1 2 3 4 5 |  5.0
Spellcasting   | 3 4 5 7 |  7.0
Invocations    | 1 2 3 4 5 |  5.8
Staves         | 1 |  1.4
Dodging        | 2 |  2.2
Transmutations | 2 |  2.5
Fighting       | |  0.9
Stealth        | |  2.1

Action                   |  1- 3 |  4- 6 |  7- 9 || total
-------------------------+-------+-------+-------++-------
Melee: Unarmed           |    23 |       |       ||    23
       Staff             |     5 |     5 |    45 ||    55
 Cast: Sandblast         |    35 |    37 |    89 ||   161
       Stone Arrow       |    15 |    11 |    43 ||    69
       Magic Dart        |       |       |    19 ||    19
Invok: Channel Magic     |       |       |     1 ||     1
Evoke: Wand              |       |       |     1 ||     1
  Use: Scroll            |     3 |     1 |     5 ||     9
       Potion            |       |       |     2 ||     2
Armor: Robe              |    13 |     1 |    25 ||    39
Dodge: Dodged            |    20 |     5 |    54 ||    79
